Cogmind - Beta 13 @@@ ROGUE MODE // 2024.05.18 @ 23:00:18 Player: morimori Result: Destroyed by D-53 Grenadier with Mini Grenade Launcher Performance ------------- Evolutions (0) 0 Regions Visited (2) 400 Robots Destroyed (21) 105 Value Destroyed (356) 356 Prototype IDs (3) 60 Alien Tech Used (0) 0 Bonus (0) 0 TOTAL SCORE: 921 Bonus ------- None Cogmind --------- Core Integrity 0/250 Matter 276/300 Energy 238/250 System Corruption 1% Temperature Cool (0) Movement Rolling (95) Ox1 Location -10/Mines Parts ------- > --- POWER (1) -------- Ion Engine > --- PROPULSION (2) --- Wheel Wheel > --- UTILITY (2) ------ Heat Sink Large Storage Unit > --- WEAPON (2) ------- Assault Rifle Rocket Launcher > --- INVENTORY (15) --- Light Ion Engine Aluminum Leg Aluminum Leg Wheel Wheel Small Matter Pod (50) Sensor Array Improved Terrain Scanner Seismic Detector Targeting Computer Targeting Computer Backup Laser I Backup Laser I Light Assault Rifle Peak State ------------ > --- POWER ------------ Ion Engine > --- PROPULSION ------- Wheel Wheel > --- UTILITY ---------- Heat Sink Large Storage Unit > --- WEAPON ----------- Assault Rifle Rocket Launcher > --- INVENTORY -------- Light Ion Engine Aluminum Leg Aluminum Leg Wheel Wheel Small Matter Pod Sensor Array Improved Terrain Scanner Seismic Detector Targeting Computer Targeting Computer Backup Laser I Backup Laser I Light Assault Rifle [Rating: 9] Favorites ----------- Power Ion Engine Engine Ion Engine Propulsion Wheel Wheel Wheel Utility Seismic Detector Device Seismic Detector Storage Small Storage Unit Weapon Medium Laser Energy Gun Medium Laser Ballistic Gun Light Assault Rifle Launcher Rocket Launcher Build | -11 -10 -10 ------- Run | Yrd Mat Min Slots Evolved . | . . . Power . | . . . Propulsion . | . . . Utility . | . . . Weapon . | . . . Parts Attached 19 | 6 10 3 Power 1 | 1 . . Engine 1 | 1 . . Core . | . . . Reactor . | . . . Propulsion 5 | 2 3 . Treads . | . . . Leg . | . . . Wheel 5 | 2 3 . Hover . | . . . Flight . | . . . Utility 6 | 1 4 1 Device 4 | . 3 1 Storage 2 | 1 1 . Processor . | . . . Hackware . | . . . Protection . | . . . Artifact . | . . . Weapon 7 | 2 3 2 Energy Gun 3 | 1 1 1 Energy Cannon . | . . . Ballistic Gun 3 | 1 2 . Ballistic Cannon . | . . . Launcher 1 | . . 1 Special Weapon . | . . . Impact Weapon . | . . . Slashing Weapon . | . . . Piercing Weapon . | . . . Special Melee Weapon . | . . . Unidentified Prototypes . | . . . Parts Lost 5 | . 3 2 Power . | . . . Propulsion 1 | . 1 . Utility . | . . . Weapon 4 | . 2 2 Highest Loss Streak 3 | . 3 1 To Critical Strikes . | . . . Average Slot Usage (%) 96 | . 96 100 Engine 14 | . 14 14 Wheel 27 | . 27 28 Device 13 | . 13 14 Storage 14 | . 14 14 Energy Gun 14 | . 14 14 Ballistic Gun 12 | . 12 14 Naked Turns . | . . . Heaviest Build 30 | 13 30 30 Greatest Support 26 | 26 26 20 Greatest Overweight (x) 3 | 3 2 1 Average Overweight (x) . | . . 1 Largest Inventory Capacity 15 | 8 15 15 Average Capacity 10 | 7 10 15 Most Carried 15 | 8 15 15 Average Carried 9 | 5 9 14 Final Capacity 15 | 8 15 15 Final Carried 15 | 8 15 14 Class Distribution -------------------- 88% | Mutant 11% | Scavenger-Mutant Dominant Class ---------------- Mutant | -10/Materials Scavenger-Mutant | -10/Mines Resources | -11 -10 -10 ----------- Run | Yrd Mat Min Matter Collected 506 | 278 198 30 Remotely . | . . . Salvage Created 588 | 135 410 43 Parts 39 | 9 22 8 Haulers Intercepted 2 | . 2 . Recyclers Shooed 1 | 1 . . Parts Field Recycled . | . . . Retrieved Matter . | . . . Parts Self-Destructed . | . . . Prevented . | . . . Kills | -11 -10 -10 ------- Run | Yrd Mat Min Combat Hostiles Destroyed 9 | . 6 3 Guns 7 | . 4 3 AOE 2 | . 2 . Classes Destroyed 8 | 3 4 1 Worker 4 | 2 2 . Tunneler 2 | 2 . . Hauler 2 | . 2 . Recycler 1 | 1 . . Operator 2 | . 2 . Watcher 1 | . 1 . Swarmer 3 | . . 3 Grunt 6 | . 6 . Best Kill Streak 3 | 3 3 3 Combat Bots Only 3 | . 2 3 Max Kills in Single Turn 3 | 1 3 1 Gunslinging . | . . . Exploded 2 | . 2 . Melee . | . . . Uniques/NPCs Destroyed . | . . . Combat | -11 -10 -10 -------- Run | Yrd Mat Min Hostile Shots Fired 49 | . 30 19 Missed 9 | . 6 3 Damage Taken 738 | . 411 327 Core 253 | . 128 125 Absorbed by Shields . | . . . Core Remaining (%) 100 | 100 . . Volleys Fired 63 | 18 38 7 Largest 2 | 2 2 2 Hottest 90 | 70 90 70 Shots Fired 124 | 36 74 14 Gun 123 | 36 74 13 Cannon . | . . . Launcher 1 | . . 1 Special . | . . . Kinetic 59 | 18 34 7 Thermal 62 | 18 38 6 Explosive 1 | . . 1 Electromagnetic 2 | . 2 . Robot Hit Streak 9 | 5 9 6 Robot Miss Streak 3 | 1 3 2 Penetration Max . | . . . Secondary Targets 1 | . . 1 Max Gunslinging Chain 1 | . . 1 Shots Hit Robots 88 | 25 55 8 Core Hits 40 | 9 25 6 Critical Kills . | . . . Critical Parts Destroyed 1 | . 1 . Critical Strikes 4 | 1 3 . Burn 3 | 1 2 . Destroy 1 | . 1 . Melee Attacks . | . . . Impact . | . . . Slashing . | . . . Piercing . | . . . Sneak Attacks . | . . . Combat Hostiles . | . . . Follow-up Attacks . | . . . Damage Inflicted 1231 | 261 855 115 Guns 915 | 261 565 89 Cannons . | . . . Explosions 316 | . 290 26 Melee . | . . . Ramming . | . . . Kinetic 332 | 86 201 45 Thermal 583 | 175 364 44 Explosive 289 | . 263 26 Electromagnetic 27 | . 27 . Impact . | . . . Slashing . | . . . Piercing . | . . . Highest Corruption 1 | . 1 1 Average Corruption 1 | . 1 1 Corruption Purged . | . . . Corruption Blocked . | . . . Effects 7 | . 7 . Message Errors 1 | . 1 . Matter Fused 4 | . 4 . Data Loss (minor) 2 | . 2 . Overload Shots . | . . . Overflow Damage 67 | . 67 . Projectiles . | . . . Explosions 67 | . 67 . Melee . | . . . Knockbacks . | . . . Impact . | . . . Kinetic . | . . . Secondary . | . . . Self-Inflicted Damage 125 | . 91 34 Shots 3 | . 2 1 Rammed . | . . . Targets Rammed . | . . . Kicked . | . . . Crushed . | . . . Highest Temperature 139 | 130 139 6 Average Temperature 42 | 45 41 4 Received Heat Transfer 180 | . 180 . Siege Activations . | . . . Robots Corrupted . | . . . Combat Hostiles . | . . . Parts Fried . | . . . Impact Corruptions . | . . . Robots Melted . | . . . Combat Hostiles . | . . . Parts Melted 3 | 2 1 . Heat Transferred 1889 | 592 1197 100 Parts Sabotaged . | . . . Parts Stolen . | . . . Parts Stripped . | . . . Power Chain Reactions 1 | . 1 . Alert | -11 -10 -10 ------- Run | Yrd Mat Min Peak Influence 154 | 25 154 70 Initial 16 | . 16 . Average 46 | 14 51 58 Maximum Alert Level . | . . . Low Security (%) 100 | 100 100 100 Level 1 . | . . . Level 2 . | . . . Level 3 . | . . . Level 4 . | . . . Level 5 . | . . . High Security . | . . . Max Security . | . . . Squads Dispatched 2 | . 2 . Investigation . | . . . Extermination . | . . . Reinforcement 2 | . 2 . Assault . | . . . Garrison . | . . . Intercept . | . . . Searches Triggered . | . . . Construction Impeded . | . . . Haulers Reinforced . | . . . Active Scanning Responses . | . . . Cargo Convoy Interrupts . | . . . Stealth | -11 -10 -10 --------- Run | Yrd Mat Min Distress Signals 2 | . 2 . Communications Jammed . | . . . Distress Signals . | . . . Times Spotted 16 | . 11 5 Peak Tracking Total 3 | . 3 3 Tactical Retreats 1 | . 1 . Traps | -11 -10 -10 ------- Run | Yrd Mat Min Traps Triggered 1 | . 1 . Indirectly . | . . . Trap Hack Attempts . | . . . Triggered . | . . . Disarmed . | . . . Reprogrammed . | . . . Reused . | . . . Traps Extracted . | . . . Installed . | . . . Triggered . | . . . Machines | -11 -10 -10 ---------- Run | Yrd Mat Min Machines Disabled 2 | . 2 . Max in Single Turn 2 | . 2 . Machines Repaired . | . . . Machines Dismantled . | . . . Machines Sabotaged . | . . . Overloaded Fab Kills . | . . . Hacking | -11 -10 -10 --------- Run | Yrd Mat Min Machines Accessed 7 | . 7 . Terminals 5 | . 5 . Fabricators . | . . . Repair Stations . | . . . Recycling Units 2 | . 2 . Scanalyzers . | . . . Garrison Access . | . . . Total Hacks 31 | . 31 . Successful 15 | . 15 . Failed 15 | . 15 . Catastrophic 2 | . 2 . Database Lockouts 1 | . 1 . Manual 11 | . 11 . Terminals 27 | . 27 . Fabricators . | . . . Repair Stations . | . . . Recycling Units 4 | . 4 . Scanalyzers . | . . . Garrison Access . | . . . Terminal Hacks 10 | . 10 . Part Schematic 1 | . 1 . Robot Analysis 1 | . 1 . Prototype ID Bank 3 | . 3 . Branch Access Points 1 | . 1 . Terminal Index 1 | . 1 . Unreport Threat 2 | . 2 . Locate Traps 1 | . 1 . Fabricator Hacks . | . . . Repair Station Hacks . | . . . Recycling Unit Hacks 2 | . 2 . Retrieve Components 2 | . 2 . Scanalyzer . | . . . Garrison Access Hacks . | . . . Unauthorized Hacks 3 | . 3 . Terminals 3 | . 3 . Botnet 2 | . 2 . Operators 1 | . 1 . Fabricators . | . . . Repair Stations . | . . . Recycling Units . | . . . Scanalyzers . | . . . Garrison Access . | . . . Data Cores Recovered . | . . . Used . | . . . Hacking Detections 6 | . 6 . Full Trace Events . | . . . Feedback Events . | . . . Feedback Blocked . | . . . Robot Schematics Acquired . | . . . Robots Built . | . . . Authchips . | . . . Time . | . . . Total Robot Build Rating . | . . . Part Schematics Acquired 1 | . 1 . Parts Built . | . . . Authchips . | . . . Time . | . . . Total Part Build Rating . | . . . Parts Repaired . | . . . Time . | . . . Parts Recycled . | . . . Recycled Matter . | . . . Retrieved Matter . | . . . Retrieved Components 1 | . 1 . Parts Scanalyzed . | . . . Part Schematics Acquired . | . . . Parts Damaged . | . . . Bothacking | -11 -10 -10 ------------ Run | Yrd Mat Min Used RIF Installer . | . . . Robots Hacked . | . . . Non-combat . | . . . Combat . | . . . Robot Hacks Applied . | . . . Relay Couplers Released . | . . . Fabnet Peak Effective % . | . . . Robots Rewired . | . . . Allies Hacked . | . . . Hacks Repelled . | . . . Allies | -11 -10 -10 -------- Run | Yrd Mat Min Total Allies . | . . . Largest Group . | . . . Highest-Rated Group . | . . . Highest-Rated Ally . | . . . Total Orders . | . . . Ally Attacks . | . . . Total Damage . | . . . Kills . | . . . Allies Corrupted . | . . . Allies Melted . | . . . Intel | -11 -10 -10 ------- Run | Yrd Mat Min Robot Analysis Total 1 | . 1 . Derelict Logs Recovered . | . . . Drone Launches . | . . . Drone Recoveries . | . . . Exploration | -11 -10 -10 ------------- Run | Yrd Mat Min Turns Passed 1273 | 197 899 177 Spaces Moved 890 | 123 624 143 Core 13 | 13 . . Treads . | . . . Legs . | . . . Wheels 877 | 110 624 143 Hover . | . . . Flight . | . . . Fastest Speed 50 | 50 80 95 Average Speed 90 | 94 88 95 Slowest Speed 200 | 200 110 95 Overloaded Moves . | . . . Propulsion Burnouts . | . . . Robots Hopped . | . . . Cave-ins Triggered . | . . . Exploration Rate (%) 35 | 6 74 27 Regions Visited 2 Branch Regions 1 Pre-discovered Areas . | . . . Known Exits Taken 1 | . 1 . Unknown Exits Taken 1 | 1 . . Scrap Searched 1 | . . 1 Spaces Dug . | . . . Terrain Destroyed 23 | . 17 6 Melee . | . . . Projectile . | . . . AOE 23 | . 17 6 Terrain Rammed . | . . . Walls Destroyed . | . . . Machines Disabled . | . . . Actions | -11 -10 -10 --------- Run | Yrd Mat Min Total 1247 | 170 905 172 Wait 241 | 8 215 18 Move 888 | 122 623 143 Hop . | . . . Pick Up 26 | 12 13 1 Fast Attach 7 | 6 1 . Attach 5 | . 3 2 Detach . | . . . Swap 7 | . 6 1 Drop 10 | 4 6 . Fire 63 | 18 38 7 Melee . | . . . Ram . | . . . Kick . | . . . Crush . | . . . Escape Stasis . | . . . Rewire . | . . . Trap . | . . . Miscellaneous . | . . . Route ------- -11/Scrapyard -10/Materials (discovered 4 exits: [*Mat x2] / *Min x2) -10/Mines (discovered 1 exit: [*Mat]) History --------- Turn | Location | Event 21 | -11/Scrapyard | Discovered new exit (range 15) 198 | -11/Scrapyard | Entered Materials 317 | -10/Materials | Build established: Mutant 537 | -10/Materials | Discovered new exit (range 14) 627 | -10/Materials | Discovered new exit (range 15) 804 | -10/Materials | Discovered new exit (range 9) 888 | -10/Materials | Core integrity fell below 50% 918 | -10/Materials | Lost 3 parts (1n2w) 1038 | -10/Materials | Discovered new exit (range 16) 1039 | -10/Materials | Central database locked down 1047 | -10/Materials | Identified exit to Mines 1097 | -10/Materials | Entered Mines 1187 | -10/Mines | Discovered new exit (range 11) 1239 | -10/Mines | Assembled infested the area 1240 | -10/Mines | Received a Rocket Launcher from a helpful Derelict 1274 | -10/Mines | Core integrity fell below 20% 1274 | -10/Mines | Destroyed by D-53 Grenadier with Mini Grenade Launcher Last Messages --------------- dispatching Demolisher response squad. 01239_ 8E-RCI(g): "Need a small hole in the wall? Leave that to the mining laser wimps, I say!" 01240_ 8E-RCI(g): "Would you like a rocket launcher? I know I would if I were you, so I'm going to lend you mine." 01240_ 8E-RCI(g) slips back into the shadows. 01242_ Acquired Rocket Launcher. 01248_ Searching scrap... 01248_ Found ECM Suite. 01248_ Found Terrain Scanner. 01248_ Found Targeting Computer. 01248_ Found ECM Suite. 01248_ Found 29 Matter. 01249_ Acquired 3 matter. 01269_ C-30 ARC bursts open, deploying its payload. 01269_ D-53 Grenadier unfolds itself. 01271_ Sml. Laser destroyed. Map ----- +----------------------------------------------------+ | ?????????????? #?????????? ??### #??????????????? | | ?????????????? #?????????# ???# ##?????????????? | | ?????????????? ##???????# ??## ##????????????? | | ?????????????? ###?????# ### #????????????? | | ??????????????? #?????# #????????????? | | ??????????????? ?????# ##????????????? | | ??????????????? ??????# ##?????????????? | | ??????????????? ??????## ##??????????????? | | ???????????????# ????????## #???????????????? | | ???????????????# ?????????# #???????????????? | | ???????????????# #?????????## =##########??????? | | ???????????????# #??????????###*## #??????? | | ???????????????#!!#????????????#=## """ #??????? | | ???????????????#%!#????????????# ## """ #??????? | | ???????????????# !####?????????#[*[ """ #??????? | | ???????????????# ##????????#%## #??????? | | ???????????????# ##???????#[## """ #??????? | | ???????????????# #???????#%## """ #??????? | | ???????????????# #???????#=## """ #??????? | | ???????????????# ####????# ## #??????? | | ???????????????# ###### ##########?????## | | ??????????????## #?????????????## | | ??????????????# ## #????????????## | | ??????????????# dd # ###?????????## | | ??????????????## ### #????????## | | ???????????????## @ #### ########## | | ????????????????##### #??# | | ????????????????????# #??############# | | ????????????????????## ##??????????????### | | ?????????????????????### ##?????????????????### | | ???????????????????????######????????????????????? | | ?????????????????????????????????????????????????? | | ?????????????????????????????????????????????????? | | ?????????????????????????????????????????????????? | | ?????????????????????????????????????????????????? | | ?????????????????????????????????????????????????? | | | | | | | | | | | | | | | | | | | | | | | | | | | | | +----------------------------------------------------+ Best States ------------- Heat Dissipation 35 Energy Generation 10 Energy Capacity 250 Matter Stores 300 Matter Capacity 300 Sight Range 16 Terrain Scan Density 10 Evasion (%) 44 Item Schematics ----------------- Hcp. Storage Unit | -10/Materials | Hacked Robot Schematics ------------------ None Fabricated ------------ Nothing Alien Tech Used ----------------- None Achievements -------------- None Challenges ------------ None Game ------ Seed GodActuatorCutter Manual? 0 Play Time 00:12:04 Cumulative 193.7 hours Start 2024.05.18 @ 22:49:22 End 2024.05.18 @ 23:00:18 Sessions 1 Manual Loads 0 Difficulty Rogue Special Mode None Game No. 108 Rogue 108 Adventurer 0 Explorer 0 Win Type - Total 3 Types 3/0/0/0/0/0/0/0/0 Lore% 54 Gallery% 58 Achievement% 52 Wizard Run 0 Options --------- Layout 1 ASCII 0 Keyboard 1 Movement Vi Keybinds 0 Fullscreen 2 Font 24/Smallcaps Map View 50x35 Zoom Use 0% Tactical HUD 1 Map Filters NONE Filters NONE Steam 1 RUN: 327815b7-e9cb-4e78-963e-6199abf40463